 Dungeon Crawl Stone Soup version 0.15.0-14-g6bbbb5c (console) character file.

2 gw the Insei (level 1, 0/18 HPs)
             Began as a Demonspawn Monk on Sept 4, 2014.
             Slain by a bat (1 damage)
             ... on Level 1 of the Dungeon.
             The game lasted 00:00:05 (63 turns).

gw the Insei (Demonspawn Monk)                        Turns: 63, Time: 00:00:05

HP   0/18        AC  2     Str 11      XL: 1   Next: 25%
MP   1/1         EV 13     Int 11      God:
Gold 0           SH  0     Dex 15      Spells:  0 memorised,  0 levels left

rFire  . . .     SeeInvis .       - Unarmed
rCold  . . .     Clarity  .     a - +0 robe
rNeg   . . .     rCorr    .     (no shield)
rPois  .         rRot     .     (no helmet)
rElec  .         Spirit   .     (no cloak)
SustAb .         Warding  .     (no gloves)
rMut   .         Stasis   .     (no boots)
Gourm  .                        (no amulet)
MR     .....                    (no ring)
                                (no ring)

@: not resistant to hostile enchantments, unstealthy
A: no striking features
a: no special abilities


You were on level 1 of the Dungeon.
You were not hungry.

You visited 1 branch of the dungeon, and saw 1 of its levels.

Inventory:

Armour
 a - a +0 robe (worn)
Comestibles
 b - a bread ration
 c - a meat ration


   Skills:
 + Level 3.0 Fighting
 + Level 0.5 Throwing
 + Level 0.0 Armour
 - Level 2.6 Dodging
 - Level 1.7 Stealth
 * Level 3.6 Unarmed Combat


You couldn't memorise any spells.
You didn't know any spells.

Dungeon Overview and Level Annotations

Branches:
Dungeon (1/15)

Altars:


Message History

The bat misses you. The goblin misses you.
MOVING TO (7,1)
The bat hits you. The bat hits you but does no damage.
The goblin barely misses you.
MOVING TO (6,2)
The bat hits you. The bat misses you.
MOVING TO (5,1)
The bat barely misses you.
MOVING TO (4,1) MOVING TO (3,1) MOVING TO (2,1)
The bat hits you.
MOVING TO (1,1) MOVING TO (7,0) MOVING TO (6,0)
The bat barely misses you.
FLEEEEING!
MOVING TO (5,0)
The bat hits you.
You die...

### . #.# .. #######.#
## #. #...#...###...
.. ###.#.#.#.?..# #.
#..........#####.# ##.
#)#####.#..b6....#
...##.###.#.#..#.#####
#.....?.#.#......#
#...#.###.#.#...##
#.........%.....###
#..##.#...........#
#.. #.#.........###
#.. #.#.........# ...
##..........##


You could see a bat.

Table legend:
 A = Turns spent in this place as a percentage of turns spent in the entire game.
 B = Non-inter-level travel turns spent in this place as a percentage of non-inter-level travel turns spent in the entire game.
 C = Inter-level travel turns spent in this place as a percentage of turns spent in this place.
 D = Turns resting spent in this place as a percentage of non-inter-level travel turns spent in this place.
 E = Turns spent auto-exploring this place as a percentage of non-inter-level travel turns spent in this place.
 F = Non-inter-level travel turns spent in this place divided by the number of levels of this place that you've seen.
                   A       B       C       D       E      F
               +-------+-------+-------+-------+-------+----------------------
         Total | 100.0 | 100.0 |   0.0 |   0.0 |   5.0 |  40.0
       Dungeon | 100.0 | 100.0 |   0.0 |   0.0 |   5.0 |  40.0
               +-------+-------+-------+-------+-------+----------------------

Table legend:
 A = Kills in this place as a percentage of kills in entire the game.
 B = Kills by you in this place as a percentage of kills by you in the entire game.
 C = Kills by friends in this place as a percentage of kills by friends in the entire game.
 D = Other kills in this place as a percentage of other kills in the entire game.
 E = Experience gained in this place as a percentage of experience gained in the entire game.
 F = Experience gained in this place divided by the number of levels of this place that you have seen.
                   A       B       C       D       E      F
               +-------+-------+-------+-------+-------+----------------------
         Total | 100.0 | 100.0 |  -nan |  -nan | 100.0 |   3.0
       Dungeon | 100.0 | 100.0 |  -nan |  -nan | 100.0 |   3.0
               +-------+-------+-------+-------+-------+----------------------

Vanquished Creatures
  A hobgoblin (D:1)
  A rat (D:1)
2 creatures vanquished.

Notes
Turn   | Place    | Note
--------------------------------------------------------------
     0 | D:1      | gw, the Demonspawn Monk, began the quest for the Orb.
     0 | D:1      | Reached XP level 1. HP: 18/18 MP: 1/1
    63 | D:1      | Slain by a bat

Action                   || total
-------------------------++-------
Melee: Unarmed           ||     6

Vault maps used:
D:1:      tarquinn_simple_flora_water_a
